 Dungeon Crawl Stone Soup version 0.29.0-4-gdea44cf6ec (webtiles) character file.

Game seed: 77108344712347987

8198 qw the Brawler (level 11, -7/105 HPs)
             Began as a Troll Cinder Acolyte on Sept 2, 2022.
             Was a Priest of Ignis.
             Mangled by Erica
             ... wielding a +3 scimitar of flaming
              (11 damage)
             ... on level 9 of the Dungeon.
             The game lasted 00:05:05 (7376 turns).

qw the Brawler (Troll Cinder Acolyte)               Turns: 7376, Time: 00:05:06

Health: -7/105     AC: 11    Str: 34    XL:     11   Next: 6%
Magic:  0/11       EV: 13    Int: 10    God:    Ignis [***...]
Gold:   581        SH:  0    Dex:  5    Spells: 12/12 levels left

rFire   + . .      SeeInvis .     - Unarmed
rCold   . . .      Faith    .   (no shield)
rNeg    . . .      Spirit   +   a - +0 robe
rPois   .          Reflect  .   (helmet restricted)
rElec   .          Harm     .   (no cloak)
rCorr   .          Rampage  .   (gloves unavailable)
Will    .....                   (boots unavailable)
Stlth   +.........              h - amulet of guardian spirit
HPRegen 1.07/turn               g - +4 ring of evasion
MPRegen 0.12/turn               c - +6 ring of strength

@: lethally poisoned (-7 -> -8), fiery-armoured
A: large, unfitting armour, claws 3, regeneration 1, shaggy fur 1, tough skin 1
a: Renounce Religion, Fiery Armour, Foxfire Swarm, Rising Flame


You were on level 9 of the Dungeon.
You worshipped Ignis.
Ignis was most pleased with you.
You visited 1 branch of the dungeon, and saw 9 of its levels.

You collected 581 gold pieces.


Innate Abilities, Weirdness & Mutations

You are too large for most types of armour.
You have claws for hands.
Your natural rate of healing is unusually fast.
You are covered in fur. (AC +1)
You have tough skin. (AC +1)


   Skills:
 - Level 6.1 Fighting
 - Level 1.1 Dodging
 + Level 15.7 Unarmed Combat
 - Level 1.0 Spellcasting
 - Level 2.1 Fire Magic


You had 12 spell levels left.
You didn't know any spells.
Your spell library contained the following spells:

 Spells                   Type           Power      Damage    Failure   Level
 Scorch                   Fire           8%         2d5       22%         2

Inventory:

Armour
 a - a +0 robe (worn)
Jewellery
 b - the ring "Pap Cefua" {rPois rN++ Will+ rCorr Dex-5}
   (You acquired it on level 2 of the Dungeon)

   [ring of poison resistance]

   Dex:       It affects your dexterity (-5).
   rPois:     It protects you from poison.
   rN:        It greatly protects you from negative energy.
   rCorr:     It protects you from acid and corrosion.
   Will:      It increases your willpower.
 c - a +6 ring of strength (right claw)
 g - a +4 ring of evasion (left claw)
 h - an amulet of guardian spirit (around neck)
Scrolls
 j - 2 scrolls of identify
Potions
 d - 2 potions of haste
 e - a potion of mutation
 m - 3 potions of curing

Dungeon Overview and Level Annotations

Branches:
Dungeon (9/15)             Temple (0/1) D:6
   Lair: D:8-11         Orc: D:9-12

Altars:
Ashenzari
Cheibriados
Elyvilon
Hepliaklqana
Makhleb
Ru
Sif Muna
Trog
Vehumet

Shops:
D:5 [   D:9 ?

Annotations:
D:3 3 runed translucent doors, qw's ghost, amateur TrCA
D:9 Erica


Message History

The lance of force hits you!!
You are knocked back by the lance of force.
You slam into the rock wall!
The orc wizard hits you with a +0 dagger.
The orc wizard is burned by your cloak of flames.
The orc wizard is lightly wounded.
An orc comes into view. It is wielding a +3 short sword.
You hear some strange, mumbled words.
A bolt of poison appears from out of thin air!
The bolt of poison hits you!
You are poisoned.
You claw the orc wizard!
The orc wizard is almost dead.
You feel very sick.
You hear a zap.
A bolt of acid appears from out of thin air!
The bolt of acid misses you. The orc wizard closely misses you.
You closely miss the orc wizard.
The orc wizard is almost dead.
You feel sick. Something completely misses you.
The orc wizard casts a spell.
The orc wizard flickers and vanishes!
You scratch the wyvern but do no damage.
You feel sick. Something hits you. The wyvern closely misses you.
You scratch the wyvern.
The wyvern is moderately wounded.
You feel sick.
You hear a zap.
A bolt of acid appears from out of thin air!
The bolt of acid misses you. Something hits you but does no damage.
Reactivating autopickup.
You feel a bit more experienced. The wyvern closely misses you.
You hear a zap.
A bolt of acid appears from out of thin air!
Deactivating autopickup; reactivate with Ctrl-A.
The bolt of acid hits you.
You barely miss the wyvern. You claw the wyvern!
The wyvern is heavily wounded.
You feel sick. The wyvern closely misses you. Something hits you!
You die...

........#.\.#..........
.P.....# .#.#.........
.S7..... .#..........
.#......... ........
#....o# #.....# #.l{o.#
####..@..###..
#......)......
#.######....## # ....#
...# ...# ..# ..#


You could see a wyvern and 2 orcs.

Vanquished Creatures
  A centaur warrior (D:9)
  2 two-headed ogres (D:8)
  Pikel (D:8)
  A hornet (D:9)
  A troll (D:9)
  Sigmund (D:4)
  3 wyverns (D:9)
  5 yaks (D:9)
  A steam dragon (D:8)
  Grum (D:9)
  Menkaure (D:5)
  4 water moccasins
  An acid dragon (D:9)
  3 ice beasts
  3 orc warriors
  A black bear (D:5)
  3 lemures (D:7)
  An ogre (D:4)
  4 wolves
  4 centaurs
  A phantom (D:4)
  3 bullfrogs
  2 necrophages
  2 scorpions
  3 wights (D:7)
  4 howler monkeys
  5 hounds
  2 jellies
  7 orc priests
  A gnoll bouda (D:8)
  8 iguanas
  Ijyb (D:3)
  Natasha (twice) (D:3)
  9 orc wizards
  4 gnolls (D:8)
  10 adders
  2 white imps
  A worm (D:2)
  7 dart slugs
  38 orcs
  12 endoplasms
  7 giant cockroaches
  9 goblins
  8 hobgoblins
  4 jackals (D:3)
  5 kobolds
  4 quokkas
  7 ball pythons
  6 bats
  3 frilled lizards
  8 rats
227 creatures vanquished.

Vanquished Creatures (others)
  3 fungi
  13 plants
16 creatures vanquished.

Grand Total: 243 creatures vanquished

Notes
Turn   | Place    | Note
-------+----------+-------------------------------------------
     0 | D:1      | qw the Troll Cinder Acolyte began the quest for the Orb.
     0 | D:1      | Reached XP level 1. HP: 22/22 MP: 1/1
     0 | D:1      | 0 ||| qw: Version: 0.1-a-97-g2dd2ca4
     0 | D:1      | 0 ||| qw: Game counter: 4972
     0 | D:1      | 0 ||| qw: Always use a shield: true
     0 | D:1      | 0 ||| qw: God list: Okawaru
     0 | D:1      | 0 ||| qw: Allow faded altars: false
     0 | D:1      | 0 ||| qw: Do Orc after D:15 true
     0 | D:1      | 0 ||| qw: Do second Lair branch before Depths: true
     0 | D:1      | 0 ||| qw: Lair rune preference: random
     0 | D:1      | 0 ||| qw: Plans: Normal
     0 | D:1      | 0 ||| PLANNING D:1-11
    21 | D:1      | 21 ||| Stepping ~*~*~tactically~*~*~ (outnumbered).
    22 | D:1      | 22 ||| Stepping ~*~*~tactically~*~*~ (outnumbered).
    23 | D:1      | 23 ||| Stepping ~*~*~tactically~*~*~ (outnumbered).
    24 | D:1      | 24 ||| Stepping ~*~*~tactically~*~*~ (outnumbered).
    25 | D:1      | 25 ||| Stepping ~*~*~tactically~*~*~ (outnumbered).
    27 | D:1      | 27 ||| Stepping ~*~*~tactically~*~*~ (outnumbered).
    28 | D:1      | 28 ||| Stepping ~*~*~tactically~*~*~ (outnumbered).
    29 | D:1      | 29 ||| Stepping ~*~*~tactically~*~*~ (outnumbered).
    30 | D:1      | 30 ||| Stepping ~*~*~tactically~*~*~ (outnumbered).
    31 | D:1      | 31 ||| Stepping ~*~*~tactically~*~*~ (outnumbered).
    31 | D:1      | Found a faded altar of an unknown god.
    35 | D:1      | Reached XP level 2. HP: 29/29 MP: 2/2
   185 | D:1      | 185 ||| Stepping ~*~*~tactically~*~*~ (stealth).
   265 | D:1      | Reached skill level 4 in Unarmed Combat
   660 | D:1      | Reached XP level 3. HP: 36/36 MP: 3/3
   736 | D:1      | 736 ||| READING scroll labelled LAESKIJUVA.
   737 | D:1      | 737 ||| READING scroll labelled HEVEOT CODUEN.
   923 | D:2      | 923 ||| FLEEEEING.
   926 | D:2      | 926 ||| Stepping ~*~*~tactically~*~*~ (hiding).
   930 | D:2      | 930 ||| Stepping ~*~*~tactically~*~*~ (hiding).
   933 | D:2      | 933 ||| Stepping ~*~*~tactically~*~*~ (hiding).
   935 | D:2      | 935 ||| Stepping ~*~*~tactically~*~*~ (hiding).
   967 | D:2      | 967 ||| Stepping ~*~*~tactically~*~*~ (stealth).
  1103 | D:2      | Reached XP level 4. HP: 44/44 MP: 4/4
  1117 | D:2      | Reached skill level 5 in Unarmed Combat
  1283 | D:2      | 1283 ||| Stepping ~*~*~tactically~*~*~ (hiding).
  1284 | D:2      | 1284 ||| Stepping ~*~*~tactically~*~*~ (hiding).
  1297 | D:2      | 1297 ||| UPGRADING to amulet of guardian spirit.
  1302 | D:2      | 1302 ||| READING scroll labelled ADASEM BUCS.
  1302 | D:2      | Identified a scroll of acquirement
  1302 | D:2      | 1302 ||| ACQUIRING ring "Pap Cefua" {rPois rN++ Will+ rCorr
                  | Dex-5}
  1302 | D:2      | Acquired the ring "Pap Cefua" {rPois rN++ Will+ rCorr
                  | Dex-5}
  1304 | D:2      | 1304 ||| READING scroll labelled TIZXAF NEKIXIPH.
  1305 | D:2      | 1305 ||| DRINKING 2 silvery potions.
  1321 | D:2      | 1321 ||| DROPPING potion of lignification.
  1362 | D:3      | Found a runed translucent gate.
  1364 | D:3      | Found a runed translucent gate.
  1364 | D:3      | Found a runed translucent gate.
  1364 | D:3      | Noticed qw's ghost (amateur TrCA)
  1364 | D:3      | Noticed a kobold brigand
  1384 | D:3      | Noticed Ijyb
  1385 | D:3      | 1385 ||| Stepping ~*~*~tactically~*~*~ (hiding).
  1388 | D:3      | 1388 ||| Stepping ~*~*~tactically~*~*~ (hiding).
  1397 | D:3      | Killed Ijyb
  1421 | D:3      | 1421 ||| Stepping ~*~*~tactically~*~*~ (hiding).
  1425 | D:3      | 1425 ||| Stepping ~*~*~tactically~*~*~ (stealth).
  1430 | D:3      | 1430 ||| Stepping ~*~*~tactically~*~*~ (outnumbered).
  1440 | D:3      | Reached XP level 5. HP: 38/50 MP: 2/5
  1536 | D:3      | 1536 ||| Stepping ~*~*~tactically~*~*~ (hiding).
  1550 | D:3      | Reached skill level 6 in Unarmed Combat
  1551 | D:3      | 1551 ||| Stepping ~*~*~tactically~*~*~ (hiding).
  1643 | D:3      | Identified the +7 dagger "Linul" {flame, *Corrode rPois
                  | Dex+3}
  1673 | D:3      | 1673 ||| Stepping ~*~*~tactically~*~*~ (stealth).
  1679 | D:3      | 1679 ||| Stepping ~*~*~tactically~*~*~ (outnumbered).
  2010 | D:3      | Noticed Natasha
  2016 | D:3      | Killed Natasha
  2017 | D:3      | Reached XP level 6. HP: 59/59 MP: 4/6
  2286 | D:3      | Reached skill level 7 in Unarmed Combat
  2362 | D:3      | Noticed Natasha
  2367 | D:3      | Killed Natasha
  2418 | D:3      | 2418 ||| UPGRADING to +4 ring of evasion.
  2419 | D:3      | 2419 ||| READING scroll labelled DOLOUG NAMOS.
  2505 | D:4      | 2505 ||| Stepping ~*~*~tactically~*~*~ (stealth).
  2531 | D:4      | 2531 ||| Stepping ~*~*~tactically~*~*~ (stealth).
  2610 | D:4      | Found a snail-covered altar of Cheibriados.
  2611 | D:4      | 2611 ||| Stepping randomly (stuck).
  2615 | D:4      | 2615 ||| Stepping randomly (stuck).
  2616 | D:4      | 2616 ||| Stepping randomly (stuck).
  2617 | D:4      | 2617 ||| Stepping randomly (stuck).
  2618 | D:4      | 2618 ||| Stepping randomly (stuck).
  2622 | D:4      | 2622 ||| Stepping randomly (stuck).
  2623 | D:4      | 2623 ||| Stepping randomly (stuck).
  2626 | D:4      | 2626 ||| Stepping randomly (stuck).
  2627 | D:4      | 2627 ||| Stepping randomly (stuck).
  2628 | D:4      | 2628 ||| Stepping randomly (stuck).
  2629 | D:4      | 2629 ||| Stepping randomly (stuck).
  2630 | D:4      | 2630 ||| Stepping randomly (stuck).
  2632 | D:4      | 2632 ||| Stepping randomly (stuck).
  2634 | D:4      | 2634 ||| Stepping randomly (stuck).
  2635 | D:4      | 2635 ||| Stepping randomly (stuck).
  2636 | D:4      | 2636 ||| Stepping randomly (stuck).
  2637 | D:4      | 2637 ||| Stepping randomly (stuck).
  2638 | D:4      | 2638 ||| Stepping randomly (stuck).
  2639 | D:4      | 2639 ||| Stepping randomly (stuck).
  2640 | D:4      | 2640 ||| Stepping randomly (stuck).
  2642 | D:4      | 2642 ||| Stepping randomly (stuck).
  2644 | D:4      | 2644 ||| Stepping randomly (stuck).
  2646 | D:4      | 2646 ||| Stepping randomly (stuck).
  2647 | D:4      | 2647 ||| Stepping randomly (stuck).
  2648 | D:4      | 2648 ||| Stepping randomly (stuck).
  2649 | D:4      | 2649 ||| Stepping randomly (stuck).
  2652 | D:4      | 2652 ||| Stepping randomly (stuck).
  2653 | D:4      | 2653 ||| Stepping randomly (stuck).
  2654 | D:4      | 2654 ||| Stepping randomly (stuck).
  2655 | D:4      | 2655 ||| Stepping randomly (stuck).
  2656 | D:4      | 2656 ||| Stepping randomly (stuck).
  2660 | D:4      | 2660 ||| Stepping randomly (stuck).
  2661 | D:4      | 2661 ||| Stepping randomly (stuck).
  2664 | D:4      | 2664 ||| Stepping randomly (stuck).
  2665 | D:4      | 2665 ||| Stepping randomly (stuck).
  2667 | D:4      | 2667 ||| Stepping randomly (stuck).
  2668 | D:4      | 2668 ||| Stepping randomly (stuck).
  2669 | D:4      | 2669 ||| Stepping randomly (stuck).
  2671 | D:4      | 2671 ||| Stepping randomly (stuck).
  2672 | D:4      | 2672 ||| Stepping randomly (stuck).
  2673 | D:4      | 2673 ||| Stepping randomly (stuck).
  2675 | D:4      | 2675 ||| Stepping randomly (stuck).
  2676 | D:4      | 2676 ||| Stepping randomly (stuck).
  2678 | D:4      | 2678 ||| Stepping randomly (stuck).
  2679 | D:4      | 2679 ||| Stepping randomly (stuck).
  2680 | D:4      | 2680 ||| Stepping randomly (stuck).
  2681 | D:4      | 2681 ||| Stepping randomly (stuck).
  2682 | D:4      | 2682 ||| Stepping randomly (stuck).
  2683 | D:4      | 2683 ||| Stepping randomly (stuck).
  2684 | D:4      | 2684 ||| Stepping randomly (stuck).
  2685 | D:4      | 2685 ||| Stepping randomly (stuck).
  2687 | D:4      | 2687 ||| Stepping randomly (stuck).
  2688 | D:4      | 2688 ||| Stepping randomly (stuck).
  2689 | D:4      | 2689 ||| Stepping randomly (stuck).
  2690 | D:4      | 2690 ||| Stepping randomly (stuck).
  2691 | D:4      | 2691 ||| Stepping randomly (stuck).
  2692 | D:4      | 2692 ||| Stepping randomly (stuck).
  2694 | D:4      | 2694 ||| Stepping randomly (stuck).
  2695 | D:4      | 2695 ||| Stepping randomly (stuck).
  2696 | D:4      | 2696 ||| Stepping randomly (stuck).
  2698 | D:4      | 2698 ||| Stepping randomly (stuck).
  2699 | D:4      | 2699 ||| Stepping randomly (stuck).
  2701 | D:4      | 2701 ||| Stepping randomly (stuck).
  2702 | D:4      | 2702 ||| Stepping randomly (stuck).
  2703 | D:4      | 2703 ||| Stepping randomly (stuck).
  2704 | D:4      | 2704 ||| Stepping randomly (stuck).
  2705 | D:4      | 2705 ||| Stepping randomly (stuck).
  2706 | D:4      | 2706 ||| Stepping randomly (stuck).
  2784 | D:4      | 2784 ||| Stepping ~*~*~tactically~*~*~ (stealth).
  2788 | D:4      | 2788 ||| Stepping ~*~*~tactically~*~*~ (stealth).
  2789 | D:4      | 2789 ||| Stepping ~*~*~tactically~*~*~ (stealth).
  2913 | D:4      | Reached skill level 8 in Unarmed Combat
  2913 | D:4      | 2913 ||| Stepping ~*~*~tactically~*~*~ (stealth).
  2916 | D:4      | 2916 ||| INVOKING Fiery Armour.
  2917 | D:4      | HP: 9/59 [ogre/+0 giant spiked club (21)]
  2918 | D:4      | 2918 ||| Stepping ~*~*~tactically~*~*~ (outnumbered).
  2925 | D:4      | Reached XP level 7. HP: 12/66 MP: 1/7
  2930 | D:4      | Reached skill level 3 in Fighting
  3027 | D:4      | 3027 ||| Stepping ~*~*~tactically~*~*~ (stealth).
  3030 | D:4      | 3030 ||| Stepping ~*~*~tactically~*~*~ (stealth).
  3088 | D:4      | Found a broken altar of Ashenzari.
  3227 | D:4      | Found a radiant altar of Vehumet.
  3234 | D:4      | Found a white marble altar of Elyvilon.
  3237 | D:4      | Found a burning altar of Makhleb.
  3237 | D:4      | Found a bloodstained altar of Trog.
  3238 | D:4      | Noticed Sigmund
  3239 | D:4      | 3239 ||| Stepping ~*~*~tactically~*~*~ (hiding).
  3240 | D:4      | 3240 ||| Stepping ~*~*~tactically~*~*~ (hiding).
  3241 | D:4      | 3241 ||| Stepping ~*~*~tactically~*~*~ (hiding).
  3252 | D:4      | Killed Sigmund
  3260 | D:4      | Found a hazy altar of Hepliaklqana.
  3296 | D:4      | 3296 ||| READING 2 scrolls of identify.
  3296 | D:4      | 3296 ||| IDENTIFYING bubbling cyan potion
  3297 | D:4      | 3297 ||| DROPPING potion of berserk rage.
  3321 | D:5      | Entered Level 5 of the Dungeon
  3520 | D:5      | Reached skill level 9 in Unarmed Combat
  3686 | D:5      | Reached skill level 1 in Dodging
  3700 | D:5      | Found Mazifeinus's Armour Shop.
  3803 | D:5      | Reached XP level 8. HP: 75/75 MP: 8/8
  3811 | D:5      | 3811 ||| Stepping ~*~*~tactically~*~*~ (stealth).
  3813 | D:5      | 3813 ||| Stepping ~*~*~tactically~*~*~ (hiding).
  3945 | D:5      | 3945 ||| Stepping ~*~*~tactically~*~*~ (stealth).
  4083 | D:5      | Noticed Menkaure
  4091 | D:5      | 4091 ||| INVOKING Fiery Armour.
  4094 | D:5      | HP: 16/75 [??? (11)]
  4096 | D:5      | Killed Menkaure
  4097 | D:5      | Reached skill level 10 in Unarmed Combat
  4275 | D:5      | Found a shimmering blue altar of Sif Muna.
  4303 | D:5      | 4303 ||| READING 2 scrolls labelled SEMENL YRPHITURCH.
  4304 | D:5      | 4304 ||| READING scroll labelled UTUVEE VAINGE.
  4309 | D:5      | 4309 ||| READING scroll labelled ODUNLEH LOME.
  4310 | D:5      | 4310 ||| READING scroll labelled SICUSU MOUD.
  4311 | D:5      | 4311 ||| DRINKING 2 clear potions.
  4312 | D:5      | 4312 ||| READING 3 scrolls of identify.
  4312 | D:5      | 4312 ||| IDENTIFYING bubbling ruby potion
  4313 | D:5      | 4313 ||| READING 2 scrolls of identify.
  4313 | D:5      | 4313 ||| IDENTIFYING sedimented yellow potion
  4314 | D:5      | 4314 ||| DROPPING potion of degeneration.
  4315 | D:5      | 4315 ||| DROPPING scroll of amnesia.
  4707 | D:6      | 4707 ||| Stepping ~*~*~tactically~*~*~ (stealth).
  4707 | D:6      | Found a staircase to the Ecumenical Temple.
  4725 | D:6      | Reached skill level 11 in Unarmed Combat
  5157 | D:6      | 5157 ||| DROPPING ring of flight.
  5158 | D:6      | 5158 ||| READING scroll labelled MEONUT YSHIU.
  5159 | D:6      | 5159 ||| READING scroll labelled VOCRAS LAESH.
  5160 | D:6      | 5160 ||| DRINKING 2 lumpy orange potions.
  5161 | D:6      | 5161 ||| DROPPING potion of invisibility.
  5162 | D:6      | 5162 ||| Stepping randomly (stuck).
  5163 | D:6      | 5163 ||| Stepping ~*~*~tactically~*~*~ (cloud).
  5256 | D:7      | 5256 ||| Stepping ~*~*~tactically~*~*~ (hiding).
  5318 | D:7      | Reached XP level 9. HP: 84/84 MP: 9/9
  5331 | D:7      | 5331 ||| Stepping ~*~*~tactically~*~*~ (stealth).
  5480 | D:7      | 5480 ||| Stepping ~*~*~tactically~*~*~ (stealth).
  5481 | D:7      | 5481 ||| Stepping ~*~*~tactically~*~*~ (stealth).
  5511 | D:7      | 5511 ||| Stepping ~*~*~tactically~*~*~ (hiding).
  5522 | D:7      | 5522 ||| Stepping ~*~*~tactically~*~*~ (stealth).
  5546 | D:7      | 5546 ||| Stepping ~*~*~tactically~*~*~ (hiding).
  5691 | D:7      | Reached skill level 12 in Unarmed Combat
  5960 | D:7      | 5960 ||| UPGRADING to +6 ring of strength.
  5961 | D:7      | 5961 ||| READING 3 scrolls of identify.
  5961 | D:7      | 5961 ||| IDENTIFYING bubbling blue potion
  5981 | D:8      | Noticed Pikel
  5982 | D:8      | 5982 ||| STAIRDANCE
  5989 | D:8      | 5989 ||| STAIRDANCE
  5991 | D:7      | 5991 ||| Stepping ~*~*~tactically~*~*~ (outnumbered).
  5992 | D:7      | 5992 ||| Stepping ~*~*~tactically~*~*~ (outnumbered).
  6008 | D:8      | 6008 ||| Stepping ~*~*~tactically~*~*~ (outnumbered).
  6012 | D:8      | 6012 ||| INVOKING Fiery Armour.
  6016 | D:8      | Killed Pikel
  6155 | D:8      | Noticed a two-headed ogre
  6163 | D:8      | Killed a two-headed ogre
  6178 | D:8      | 6178 ||| Stepping ~*~*~tactically~*~*~ (hiding).
  6180 | D:8      | 6180 ||| Stepping ~*~*~tactically~*~*~ (outnumbered).
  6184 | D:8      | 6184 ||| INVOKING Fiery Armour.
  6188 | D:8      | Reached skill level 13 in Unarmed Combat
  6188 | D:8      | 6188 ||| Stepping ~*~*~tactically~*~*~ (outnumbered).
  6231 | D:8      | 6231 ||| Stepping ~*~*~tactically~*~*~ (hiding).
  6398 | D:8      | Reached XP level 10. HP: 79/96 MP: 7/10
  6430 | D:8      | 6430 ||| Stepping ~*~*~tactically~*~*~ (stealth).
  6431 | D:8      | 6431 ||| Stepping ~*~*~tactically~*~*~ (stealth).
  6434 | D:8      | 6434 ||| Stepping ~*~*~tactically~*~*~ (stealth).
  6436 | D:8      | 6436 ||| Stepping ~*~*~tactically~*~*~ (hiding).
  6449 | D:8      | 6449 ||| FLEEEEING.
  6481 | D:8      | 6481 ||| FLEEEEING.
  6482 | D:8      | 6482 ||| FLEEEEING.
  6483 | D:8      | 6483 ||| FLEEEEING.
  6486 | D:8      | 6486 ||| FLEEEEING.
  6488 | D:8      | 6488 ||| FLEEEEING.
  6489 | D:8      | 6489 ||| FLEEEEING.
  6490 | D:8      | 6490 ||| FLEEEEING.
  6496 | D:8      | 6496 ||| FLEEEEING.
  6497 | D:8      | 6497 ||| FLEEEEING.
  6498 | D:8      | 6498 ||| FLEEEEING.
  6610 | D:8      | 6610 ||| Stepping ~*~*~tactically~*~*~ (stealth).
  6613 | D:8      | 6613 ||| Stepping ~*~*~tactically~*~*~ (stealth).
  6619 | D:8      | 6619 ||| Stepping ~*~*~tactically~*~*~ (hiding).
  6747 | D:8      | Noticed a two-headed ogre
  6752 | D:8      | Killed a two-headed ogre
  6754 | D:8      | Found a sacrificial altar of Ru.
  6939 | D:8      | Reached skill level 14 in Unarmed Combat
  7046 | D:8      | 7046 ||| DRINKING 2 green potions.
  7147 | D:8      | 7147 ||| DROPPING potion of ambrosia.
  7156 | D:9      | Found Olaock's Magic Scroll Emporium.
  7160 | D:9      | 7160 ||| STAIRDANCE
  7173 | D:9      | 7173 ||| STAIRDANCE
  7218 | D:9      | Noticed Grum
  7219 | D:9      | 7219 ||| Stepping ~*~*~tactically~*~*~ (hiding).
  7223 | D:9      | 7223 ||| INVOKING Fiery Armour.
  7227 | D:9      | Killed Grum
  7228 | D:9      | Reached skill level 6 in Fighting
  7232 | D:9      | 7232 ||| Stepping ~*~*~tactically~*~*~ (outnumbered).
  7233 | D:9      | 7233 ||| Stepping ~*~*~tactically~*~*~ (outnumbered).
  7234 | D:9      | 7234 ||| Stepping ~*~*~tactically~*~*~ (outnumbered).
  7236 | D:9      | 7236 ||| Stepping ~*~*~tactically~*~*~ (outnumbered).
  7238 | D:9      | 7238 ||| Stepping ~*~*~tactically~*~*~ (outnumbered).
  7240 | D:9      | 7240 ||| Stepping ~*~*~tactically~*~*~ (outnumbered).
  7241 | D:9      | 7241 ||| Stepping ~*~*~tactically~*~*~ (outnumbered).
  7242 | D:9      | 7242 ||| Stepping ~*~*~tactically~*~*~ (outnumbered).
  7243 | D:9      | 7243 ||| Stepping ~*~*~tactically~*~*~ (outnumbered).
  7244 | D:9      | 7244 ||| Stepping ~*~*~tactically~*~*~ (outnumbered).
  7245 | D:9      | 7245 ||| Stepping ~*~*~tactically~*~*~ (outnumbered).
  7247 | D:9      | 7247 ||| Stepping ~*~*~tactically~*~*~ (outnumbered).
  7248 | D:9      | 7248 ||| Stepping ~*~*~tactically~*~*~ (outnumbered).
  7249 | D:9      | 7249 ||| Stepping ~*~*~tactically~*~*~ (outnumbered).
  7250 | D:9      | 7250 ||| Stepping ~*~*~tactically~*~*~ (outnumbered).
  7251 | D:9      | 7251 ||| Stepping ~*~*~tactically~*~*~ (outnumbered).
  7254 | D:9      | 7254 ||| Stepping ~*~*~tactically~*~*~ (outnumbered).
  7259 | D:9      | 7259 ||| Stepping ~*~*~tactically~*~*~ (outnumbered).
  7270 | D:9      | 7270 ||| Stepping ~*~*~tactically~*~*~ (stealth).
  7285 | D:9      | Reached skill level 15 in Unarmed Combat
  7315 | D:9      | 7315 ||| FLEEEEING.
  7316 | D:9      | 7316 ||| FLEEEEING.
  7324 | D:9      | 7324 ||| Stepping ~*~*~tactically~*~*~ (outnumbered).
  7325 | D:9      | 7325 ||| Stepping ~*~*~tactically~*~*~ (outnumbered).
  7328 | D:9      | Noticed a boulder beetle
  7345 | D:9      | HP: 19/98 [boulder beetle (12)]
  7346 | D:9      | 7346 ||| READING scroll of teleportation.
  7347 | D:9      | 7347 ||| DRINKING potion of heal wounds.
  7351 | D:9      | Noticed a centaur warrior
  7357 | D:9      | Noticed Erica
  7359 | D:9      | 7359 ||| INVOKING Fiery Armour.
  7362 | D:9      | Killed a centaur warrior
  7363 | D:9      | Reached XP level 11. HP: 48/105 MP: 3/11
  7371 | D:9      | HP: 26/105 [orc wizard/+0 dagger (2)]
  7373 | D:9      | HP: 12/105 [poisoned by Erica (bolt of poison)]
  7375 | D:9      | HP: 4/105 [something/bolt of acid (3)]
  7376 | D:9      | Mangled by Erica

Levels and vault maps discovered:
D:1:      giann_horns, layout_basic, hellmonk_ecumenical_altar_leap_of_faith,
          minmay_small_reverse_x
D:2:      layout_rooms, minmay_heptomino_h4
D:3:      minmay_diamond_boxcup, layout_basic, gammafunk_ghost_nasty_kobolds,
          uniq_natasha, uniq_ijyb
D:4:      layout_basic, nicolae_ashenzari_skybound,
          nicolae_overflow_hallway_of_the_gods, cheibrodos_worm_habitat,
          uniq_sigmund
D:5:      minmay_angry_zag, layout_basic, kennysheep_orc_sif_temple,
          serial_shops, nicolae_shop_crystal, uniq_menkaure
D:6:      layout_loops_ring, minmay_temple_entry_mini_moons
D:7:      layout_basic
D:8:      layout_basic, old_standard_altar, hangedman_decor_peaks_small,
          uniq_pikel
D:9:      minmay_cut_squares, layout_long_grid, minmay_lair_entry_grove,
          minmay_shop_grid_forest, uniq_erolcha, uniq_erica, uniq_joseph,
          uniq_grum

Skill      XL: |  1  2  3  4  5  6  7  8  9 10 |
---------------+-------------------------------+-----
Unarmed Combat | 4 5 6 8 9 11 13 15 | 15.7
Fighting       | 3 4 5 6 |  6.1
Dodging        | 1 |  1.1
Spellcasting   | |  1.0
Fire Magic     | |  2.1

Action                   |  1- 3 |  4- 6 |  7- 9 | 10-12 || total
-------------------------+-------+-------+-------+-------++-------
Melee: Unarmed           |    86 |   158 |   222 |   135 ||   601
       Punch             |     1 |     3 |     8 |     6 ||    18
Throw: Boomerang         |    10 |    32 |       |       ||    42
Invok: Fiery Armour      |       |     1 |     3 |     2 ||     6
  Use: Scroll            |     2 |     3 |    10 |     1 ||    16
       Potion            |       |     1 |     2 |     2 ||     5
Armor: Robe              |    33 |    47 |    33 |    44 ||   157
Dodge: Dodged            |    43 |    64 |    94 |    90 ||   291

Table legend:
 A = Non-vault XP
 B = Vault XP
 C = Vault XP percentage of total XP
 D = Non-vault monster count
 E = Vault monster count
 F = Vault count percentage of total count
                 A         B        C        D         E       F
            +---------+---------+-------+---------+---------+-------
      Total |    6686 |    5026 |  42.9 |     176 |      48 |  21.4
            +---------+---------+-------+---------+---------+-------
        D:1 |      34 |       7 |  17.1 |      19 |       4 |  17.4
        D:2 |      67 |       8 |  10.7 |      16 |       4 |  20.0
        D:3 |     266 |      89 |  25.1 |      37 |      10 |  21.3
        D:4 |     477 |     226 |  32.1 |      22 |       1 |   4.3
        D:5 |     328 |     425 |  56.4 |      13 |      11 |  45.8
        D:6 |     801 |       0 |   0.0 |      14 |       0 |   0.0
        D:7 |     722 |       0 |   0.0 |      17 |       0 |   0.0
        D:8 |    2810 |     817 |  22.5 |      24 |       2 |   7.7
        D:9 |    1181 |    3454 |  74.5 |      14 |      16 |  53.3
            +---------+---------+-------+---------+---------+-------
